 Dungeon Crawl Stone Soup version 0.30-b1-2-g02819fbbbe (webtiles) character file.

Game seed: 14499607505213151033

85 maniek23 the Shooter (level 4, -4/23 HPs)
             Began as a Spriggan Hunter on July 26, 2023.
             Killed from afar by an orc wizard (9 damage)
             ... with a magic dart
             ... on level 6 of the Dungeon.
             The game lasted 00:05:38 (1386 turns).

maniek23 the Shooter (Spriggan Hunter)              Turns: 1386, Time: 00:05:39

Health: -4/23      AC:  2    Str:  7    XL:     4   Next: 25%
Magic:  5/5        EV: 18    Int: 10    God:
Gold:   136        SH:  5    Dex: 20    Spells: 3/3 levels left

rFire   . . .        b - +0 dagger
rCold   . . .        (no shield)
rNeg    . . .        c - +0 robe
rPois   .            (helmet restricted)
rElec   .            (no cloak)
rCorr   .            (gloves unavailable)
SInv    +            (boots unavailable)
Will    .....        s - amulet of reflection
Stlth   ++           (no ring)
HPRegen 0.23/turn    (no ring)
MPRegen 0.09/turn

%: reflection
@: very quick
A: very small, no large weapons, unfitting armour, see invisible, speed 3
a: no special abilities


You were on level 6 of the Dungeon.
You visited 1 branch of the dungeon, and saw 4 of its levels.

You collected 136 gold pieces.

Inventory:

Hand Weapons
 a - a +0 shortbow
 b - a +0 dagger (weapon)
Missiles
 n - a throwing net
Armour
 c - a +0 robe (worn)
Jewellery
 o - an amulet of guardian spirit
 p - a ring of resist corrosion
 s - an amulet of reflection (around neck)
Scrolls
 d - a scroll of teleportation {unknown}
 g - a scroll of noise {unknown}
 i - a scroll of identify {unknown}
 l - a scroll of amnesia {unknown}
 m - a scroll of enchant weapon {unknown}
 q - 2 scrolls of immolation
Potions
 e - 2 potions of curing {unknown}
 f - a potion of degeneration {unknown}
 h - a potion of lignification {unknown}
 j - 2 potions of magic {unknown}
 k - a potion of haste {unknown}
 r - a potion of flight {unknown}


   Skills:
 + Level 1.8 Fighting
 + Level 5.6 Ranged Weapons
 + Level 2.9 Dodging
 + Level 1.5 Stealth


You had 3 spell levels left.
You didn't know any spells.
Your spell library contained the following spells:

 Spells                   Type           Power      Damage    Failure   Level
 Dazzling Flash           Conj/Hex       0%         N/A       75%         3
 Ozocubu's Armour         Ice            0%         N/A       75%         3
 Portal Projectile        Hex/Tloc       0%         N/A       75%         3
 Tukima's Dance           Hex            0%         N/A       75%         3
 Agony                    Necr           0%         N/A       100%        5
 Blade Hands              Tmut           0%         N/A       100%        5
 Silence                  Hex/Air        0%         N/A       100%        5
 Ozocubu's Refrigeration  Ice            0%         4d7       100%        7


Dungeon Overview and Level Annotations

Branches:
Dungeon (3/15)

Altars:
Trog


Innate Abilities, Weirdness & Mutations

You are very small and have problems with some larger weapons.
You are too small for most types of armour.
You have supernaturally acute eyesight. (SInv)
You cover ground extremely quickly. (Speed+++)


Message History

s - an amulet of reflection (around neck)
There is an escape hatch in the floor here.
An orc priest comes into view. It is wielding a +0 club.
The orc priest shouts!
The orc priest looks encouraged for a moment.
The orc shouts!
You hit the orc priest but do no damage.
The orc priest invokes the aid of Beogh against you.
Pain shoots through your body!
You barely miss the orc priest. The orc barely misses you.
You hit the orc priest. You punch the orc priest.
The orc priest is lightly wounded.
The orc closely misses you. The orc priest hits you with a +0 club.
You hit the orc priest but do no damage.
The orc priest is lightly wounded.
The orc hits you with a +0 whip. The orc wizard misses you.
The orc priest invokes the aid of Beogh against you.
You struggle to resist.
You closely miss the orc priest.
The orc priest is lightly wounded.
The orc completely misses you. The orc priest misses you.
The orc wizard barely misses you.
You hit the orc but do no damage. The orc misses you.
The orc wizard points at you and mumbles some strange words.
The magic dart hits you. You block the orc priest's attack.
You hit the orc.
The orc is moderately wounded.
The orc closely misses you. You block the orc priest's attack.
The orc wizard hits you with a +0 dagger.
You hit the orc wizard.
The orc wizard is moderately wounded.
The orc wizard hits you with a +0 dagger.
You block the orc's attack. The orc priest hits you with a +0 club.
* * * LOW HITPOINT WARNING * * *
You hit the orc wizard.
The orc wizard is heavily wounded.
The orc misses you. The orc priest closely misses you.
The orc wizard casts a spell at you. The magic dart hits you!
You die...

#...# #...##
##...# #...#
#...# #
#...### #.o
##....####....
#....#.......
#@o..........
##
##oo.....##...
#.##......###
#........##
###......#
#......#
####..## ##..#
##.#


You could see an orc priest, an orc wizard and an orc.

Vanquished Creatures
  3 gnolls
  2 adders (D:2)
  2 dart slugs (D:2)
  2 endoplasms
  2 goblins (D:3)
  3 hobgoblins
  3 jackals (D:2)
  2 kobolds
  2 quokkas
  5 ball pythons
  5 bats
  4 frilled lizards (D:2)
  2 rats (D:2)
37 creatures vanquished.

Notes
Turn   | Place    | Note
-------+----------+-------------------------------------------
     0 | D:1      | maniek23 the Spriggan Hunter began the quest for the Orb.
     0 | D:1      | Reached XP level 1. HP: 10/10 MP: 2/2
   183 | D:1      | Found a faded altar of an unknown god.
   443 | D:2      | Reached XP level 2. HP: 13/14 MP: 3/3
   463 | D:2      | Found a bloodstained altar of Trog.
   632 | D:2      | Reached skill level 5 in Ranged Weapons
   632 | D:2      | Reached XP level 3. HP: 18/18 MP: 4/4
  1179 | D:3      | Reached XP level 4. HP: 18/23 MP: 5/5
  1331 | D:3      | You fall into a shaft and drop 3 floors!
  1386 | D:6      | Killed from afar by an orc wizard

Illustrated notes

Levels and vault maps discovered:
D:1:      evilmike_arrival_crescent, layout_basic,
          hellmonk_ecumenical_altar_inner_sanctum
D:2:      layout_loops_ring, basic_altar, nicolae_elevator_lobby_asterisk
D:3:      layout_rooms, kennysheep_orc_chapel
D:6:      layout_cave_pods, grunt_dithmenos_smoke, kennysheep_cross_bottleneck,
          uniq_duvessa

Skill      XL: |  1  2 |
---------------+-------+-----
Ranged Weapons | 5 |  5.6
Fighting       | |  1.8
Dodging        | |  2.9
Stealth        | |  1.5

Action                     |  1- 3 |  4- 6 || total
---------------------------+-------+-------++-------
  Melee: Dagger            |       |     9 ||     9
         Punch             |       |     1 ||     1
   Fire: Shortbow          |    88 |    14 ||   102
 Armour: Robe              |     3 |       ||     3
  Dodge: Dodged            |    29 |    10 ||    39
  Block: Other             |       |     3 ||     3
